 Dungeon Crawl Stone Soup version 0.25.0-1-g7eea58d (webtiles) character file.

Game seed: 6654444994645874387

49 Abyssal the Charmwright (level 3, 0/22 HPs)
             Began as a Gargoyle Skald on June 14, 2020.
             Slain by Sigmund
             ... wielding a +0 scythe
              (3 damage)
             ... on level 2 of the Dungeon.
             The game lasted 00:12:59 (1650 turns).

Abyssal the Charmwright (Gargoyle Skald)            Turns: 1650, Time: 00:13:00

Health: 0/22       AC:  6    Str: 15    XL:     3   Next: 75%
Magic:  3/6        EV: 12    Int: 13    God:
Gold:   36         SH:  0    Dex:  9    Spells: 1/6 levels left

rFire    . . .     SeeInvis .   a - +0 hand axe
rCold    . . .     Gourm    .   (no shield)
rNeg     + . .     Faith    .   b - +0 leather armour
rPois    ∞         Spirit   .   (no helmet)
rElec    +         Reflect  .   (no cloak)
rCorr    .         Harm     .   (no gloves)
MR       .....                  (no boots)
Stlth    ..........             (no amulet)
HPRegen  0.07/turn              (no ring)
MPRegen  0.10/turn              (no ring)

@: confused
A: negative energy resistance 1, electricity resistance, unbreathing,
petrification resistance, rot immunity, AC +3
a: no special abilities


You were on level 2 of the Dungeon.
You were not hungry.

You visited 1 branch of the dungeon, and saw 2 of its levels.

You collected 36 gold pieces.

Inventory:

Hand Weapons
 a - a +0 hand axe (weapon)
Missiles
 e - 13 arrows
 g - 66 stones (quivered)
Armour
 b - a +0 leather armour (worn)
Scrolls
 f - a scroll of enchant armour {unknown}
 h - a scroll of blinking {unknown}
 i - a scroll of identify {unknown}
Comestibles
 c - 2 chunks of flesh
 d - 3 rations


   Skills:
 + Level 2.3 Fighting
 + Level 2.3 Axes
 + Level 2.1 Armour
 + Level 2.1 Dodging
 + Level 2.0 Spellcasting
 + Level 2.9 Charms


You had one spell level left.
You knew the following spells:

 Your Spells              Type           Power        Failure   Level  Hunger
a - Infusion              Chrm           #...         9%          1    ##.....
b - Song of Slaying       Chrm           #.......     14%         2    ###....
c - Shroud of Golubria    Chrm/Tloc      #.....       26%         2    ###....

Your spell library contained the following spells:

 Spells                   Type           Power        Failure   Level  Hunger
 Ozocubu's Armour         Chrm/Ice       #.......     45%         3    ####...
 Spectral Weapon          Hex/Chrm       #.......     45%         3    ####...


Dungeon Overview and Level Annotations

Branches:
Dungeon (2/15)

Altars:

Annotations:
D:2 Sigmund


Innate Abilities, Weirdness & Mutations

You are resistant to torment.
Your stone body is resilient. (AC +3)
You are immune to poison.
You resist negative energy. (rN+)
You are resistant to electric shocks. (rElec)
You can survive without breathing.
You are immune to petrification.
You are immune to rotting.


Message History

The spell is quite dangerous to cast (26% risk of failure)!
Continue anyway?
Space distorts slightly along a thin shroud covering your body.
Sigmund gestures at you while chanting. The magic dart hits you.
You hit Sigmund but do no damage.
Sigmund is moderately wounded.
Sigmund points at you and mumbles some strange words.
You are confused.
Sigmund hits you with a +0 scythe.
* * * LOW HITPOINT WARNING * * *
Your shroud falls apart!
You closely miss Sigmund.
Sigmund is moderately wounded.
You hit Sigmund.
Sigmund is moderately wounded.
Sigmund points at you and mumbles some strange words.
You are more confused.
Sigmund hits you but does no damage.
Sigmund hits you from afar with a +0 scythe.
You die...

##########
#........######
#)######.#....#
#......#@.@##.#
######.#.<....#
#.#.#..###
#.#..<...#
#.####÷#.#
##.#....#.#
#....#..#.#
#....####.(
#..........


You could see Sigmund.

Vanquished Creatures
  An adder (D:2)
  A dart slug (D:1)
  3 giant cockroaches (D:1)
  10 goblins
  3 jackals (D:1)
  9 bats
  2 frilled lizards
  3 kobolds (D:1)
  3 rats (D:1)
35 creatures vanquished.

Notes
Turn   | Place    | Note
-------+----------+-------------------------------------------
     0 | D:1      | Abyssal the Gargoyle Skald began the quest for the Orb.
     0 | D:1      | Reached XP level 1. HP: 12/12 MP: 3/3
   134 | D:1      | Reached XP level 2. HP: 13/17 MP: 5/5
   461 | D:1      | Learned a level 2 spell: Song of Slaying
   464 | D:1      | Learned a level 2 spell: Shroud of Golubria
   836 | D:1      | Reached XP level 3. HP: 13/21 MP: 6/6
  1632 | D:2      | Noticed Sigmund
  1650 | D:2      | Slain by Sigmund

Illustrated notes

Levels and vault maps discovered:
D:1:      dpeg_arrival_ternary, layout_rooms
D:2:      layout_basic, uniq_crazy_yiuf_cottage, uniq_sigmund

Skill      XL: |  1  2  3 |
---------------+----------+-----
Axes           | 2 |  2.3
Dodging        | 2 |  2.1
Armour         | 2 |  2.1
Fighting       | |  2.3
Spellcasting   | |  2.0
Charms         | |  2.9

Action                   || total
-------------------------++-------
Melee: Hand axe          ||   138
 Cast: Song of Slaying   ||     2
       Shroud of Golubri ||     3
  Use: Potion            ||     2
  Eat: Chunk             ||     3
Armor: Leather armour    ||   105
Dodge: Dodged            ||   167
